Map: Terrassen von Prion

Players

Boy

  • Race: Terran Terran
  • League: Platinum

Juliano - Winner!

  • Race: Zerg Zerg

VOD

Have the link to the VOD?

Description

Time

  • Played on: Dec. 3, 2015, 11:26 a.m.
  • Length: 8:34
Show
View Real Time Build Order
Export as new Build Order

Boy Terran 

Build Orders: Reaper Expand 

Get SALT Encoding   

  12  0:01  SCV  
  13  0:13  SCV  
  14  0:18  Supply Depot  
  14  0:25  SCV  
  15  0:39  SCV  
  15  0:40  Barracks  
  16  0:47  Refinery  
  16  0:51  SCV  
  17  1:03  SCV  
  18  1:16  SCV  
  19  1:28  Orbital Command  
  19  1:31  Reaper  
  20  1:44  Command Center  
  20  1:55  SCV  
  20  1:58  Supply Depot  
  21  2:07  SCV  
  22  2:19  SCV  
  22  2:21  Factory  
  23  2:30  Barracks Reactor  
  23  2:31  SCV  
  24  2:43  SCV  
  25  2:55  SCV  
  26  2:59  SCV  
  26  3:06  Refinery  
  26  3:07  SCV  
  26  3:11  Starport  
  26  3:12  Orbital Command  
  27  3:18  Hellion x2  
  27  3:19  SCV  
  32  3:20  Barracks Reactor  
  32  3:31  SCV  
  33  3:39  SCV, Hellion  
  36  3:43  SCV  
  35  3:51  SCV  
  35  3:55  SCV  
  35  4:01  Barracks  
  36  4:03  SCV  
  36  4:04  Barracks Tech Lab  
  36  4:08  SCV  
  36  4:09  Hellion x2  
  42  4:10  Command Center  
  42  4:15  Supply Depot, SCV  
  43  4:19  Supply Depot  
  43  4:20  SCV  
  43  4:22  Viking  
  46  4:37  SCV x2  
  48  4:49  SCV x2  
  46  4:56  Marine  
  46  4:58  Barracks Reactor  
  46  4:59  Medivac x2  
  49  5:01  SCV x2, Hellion x2  
  49  5:04  Refinery  
  49  5:05  Refinery  
  55  5:13  SCV  
  56  5:15  SCV, Stimpack  
  56  5:19  Supply Depot  
  57  5:24  Supply Depot  
  57  5:25  SCV  
  57  5:27  SCV  
  59  5:35  Marine x2  
  60  5:36  Widow Mine x2, Marauder  
  60  5:37  SCV  
  60  5:39  SCV  
  60  5:42  Orbital Command  
  69  5:45  Medivac  
  71  5:53  Marine x2  
  71  5:54  SCV  
  71  5:55  SCV  
  75  5:57  Marine  
  76  6:05  Barracks  
  76  6:07  SCV x2  
  76  6:11  Engineering Bay, Marine  
  79  6:12  SCV  
  79  6:13  Engineering Bay  
  79  6:15  Marauder  
  79  6:16  Marine  
  83  6:24  SCV x2  
  85  6:27  SCV  
  85  6:28  Marine  
  85  6:29  Widow Mine  
  87  6:34  Marine  
  87  6:36  SCV x2  
  87  6:37  Marauder  
  87  6:39  Terran Infantry Weapons Level 1, SCV, Armory  
  91  6:42  Supply Depot  
  91  6:46  Marine  
  88  6:48  SCV x2  
  88  6:51  SCV  
  88  6:54  Marine  
  91  6:55  Barracks Tech Lab  
  91  6:58  Marauder  
  91  7:00  SCV x2  
  96  7:03  SCV  
  96  7:04  Barracks x2  
  96  7:06  Widow Mine x2  
  101  7:12  SCV x2  
  101  7:13  Marine x3  
  106  7:19  Marauder  
  88  7:31  Marine x2  
  88  7:32  Marauder  
  88  7:33  SCV x2  
  89  7:41  Marauder  
  88  7:49  Marine x2  
  77  7:53  Marauder  
  75  8:02  Marine  
  70  8:06  Marine  
  70  8:07  Marine  
  70  8:10  Marine x2  
Show
View Real Time Build Order
Export as new Build Order

Juliano Zerg - Winner!

Build Orders: Hatch First 

Get SALT Encoding   

  12  0:01  Drone  
  13  0:14  Overlord  
  13  0:23  Drone  
  14  0:32  Drone  
  14  0:33  Drone  
  16  0:41  Drone  
  17  0:53  Hatchery  
  17  0:56  Drone  
  17  1:00  Drone  
  18  1:09  Drone  
  19  1:16  Extractor  
  18  1:19  Spawning Pool  
  18  1:22  Drone  
  18  1:32  Drone  
  19  1:41  Overlord  
  19  1:53  Drone  
  20  2:05  Queen x2  
  20  2:07  Zergling x4  
  26  2:17  Metabolic Boost  
  26  2:21  Drone x2  
  27  2:38  Drone x4  
  31  3:01  Drone x2, Overlord  
  31  3:02  Overlord  
  33  3:10  Drone x2  
  35  3:31  Drone x6  
  41  3:38  Overlord  
  41  3:39  Overlord  
  41  3:40  Hatchery  
  40  3:48  Extractor  
  39  3:51  Lair, Extractor  
  37  3:58  Drone x2  
  37  3:59  Drone x2, Roach Warren  
  37  4:00  Evolution Chamber x2  
  38  4:03  Drone x2  
  38  4:04  Drone  
  41  4:22  Spine Crawler  
  40  4:30  Drone x3  
  39  5:03  Drone x4  
  39  5:04  Drone x2  
  39  5:05  Drone, Glial Reconstitution  
  50  5:07  Roach x5  
  50  5:11  Baneling Nest, Queen  
  57  5:21  Zerg Missile Weapons Level 1, Zerg Ground Armor Level 1  
  57  5:31  Extractor  
  57  5:35  Overseer  
  56  5:39  Drone  
  56  5:40  Drone  
  56  5:41  Drone x6  
  64  5:49  Overlord  
  64  5:50  Overlord x3  
  64  6:11  Hatchery  
  64  6:12  Overlord x3  
  64  6:14  Roach x2  
  64  6:17  Centrifical Hooks  
  67  6:19  Drone  
  68  6:27  Zergling x2  
  68  6:28  Zergling x12  
  75  6:46  Roach x2  
  75  6:47  Roach x7  
  91  6:50  Baneling x6  
  91  6:54  Drone x3  
  91  7:00  Roach x3  
  98  7:11  Roach x4  
  98  7:12  Overlord  
  98  7:13  Overlord  
  101  7:25  Zergling x2  
  101  7:26  Zergling x18  
  107  7:48  Zergling x16  
  111  8:01  Baneling x3  
  111  8:02  Baneling x5  
Tags
 
Add a new tag
Caveats
  • Supply blocks, unpowered buildings, or Contaminate may cause inaccurate times.
  • Supply counts are checked every 10 seconds.